Map: Acid Plant LE

Players

Phezzan

  • Race: Protoss Protoss
  • Spawn Location: 5:00

Infamous - Winner!

  • Race: Protoss Protoss
  • League: Silver
  • Spawn Location: 11:00

VOD

Have the link to the VOD?

Description

Time

  • Played on: March 10, 2018, 1:46 p.m.
  • Length: 8:08
Show
View Real Time Build Order
Export as new Build Order

Phezzan Protoss 

Build Orders: Nexus First 

Get SALT Encoding   

  12  0:36  Probe (Chrono Boost)  
  13  0:47  Probe (Chrono Boost)  
  14  0:51  Probe (Chrono Boost)  
  15  1:02  Nexus  
  15  1:13  Pylon  
  15  1:22  Pylon  
  15  1:25  Assimilator  
  15  1:31  Probe  
  16  1:38  Pylon  
  16  1:45  Forge  
  16  1:51  Gateway  
  16  1:55  Probe (Chrono Boost)  
  17  2:19  Pylon  
  17  2:23  Photon Cannon  
  17  2:28  Gateway  
  17  2:34  Probe (Chrono Boost)  
  19  2:45  Probe (Chrono Boost), Zealot  
  19  2:50  Probe (Chrono Boost)  
  22  2:58  Probe (Chrono Boost)  
  23  3:03  Probe x2 (Chrono Boost)  
  25  3:09  Gateway  
  25  3:15  Probe  
  26  3:23  Zealot  
  26  3:24  Zealot  
  30  3:33  Assimilator  
  30  3:35  Probe (Chrono Boost)  
  31  3:41  Assimilator  
  31  3:44  Probe (Chrono Boost)  
  32  3:49  Pylon, Probe (Chrono Boost)  
  32  3:52  Pylon  
  32  3:55  Zealot  
  35  3:57  Zealot  
  35  4:00  Protoss Ground Weapons Level 1  
  37  4:08  Probe  
  38  4:20  Probe (Chrono Boost)  
  39  4:28  Pylon  
  39  4:31  Probe (Chrono Boost)  
  40  4:33  Photon Cannon  
  40  4:35  Probe (Chrono Boost)  
  40  4:38  Zealot x2  
  45  4:46  Probe  
  46  5:04  Photon Cannon  
  46  5:07  Photon Cannon  
  46  5:11  Pylon  
  46  5:29  Gateway  
  46  5:32  Gateway, Photon Cannon  
  46  5:38  Gateway  
  46  5:39  Gateway  
  46  5:54  Protoss Shields Level 1  
  46  6:02  Cybernetics Core  
  46  6:09  Assimilator  
  46  6:12  Pylon  
  46  6:28  Pylon  
  36  7:03  Gateway  
  36  7:10  Gateway  
  36  7:20  Robotics Facility  
  37  7:22  Probe (Chrono Boost)  
  37  7:33  Probe (Chrono Boost)  
  38  7:38  Probe (Chrono Boost)  
  38  7:39  Sentry  
  53  7:49  Probe  
Show
View Real Time Build Order
Export as new Build Order

Infamous Protoss - Winner!

Build Orders:  

Get SALT Encoding   

  12  0:01  Probe (Chrono Boost)  
  13  0:13  Probe (Chrono Boost)  
  14  0:19  Pylon  
  14  0:21  Probe (Chrono Boost)  
  15  0:37  Probe  
  15  0:39  Gateway  
  16  1:05  Probe  
  16  1:10  Assimilator  
  17  1:17  Probe (Chrono Boost)  
  18  1:28  Probe (Chrono Boost), Cybernetics Core  
  19  1:34  Probe (Chrono Boost)  
  20  1:48  Assimilator  
  20  2:09  Assimilator  
  20  2:12  Warp Gate (Chrono Boost)  
  20  2:14  Probe  
  21  2:17  Zealot  
  23  2:26  Pylon  
  23  2:30  Pylon  
  23  2:44  Probe  
  24  2:51  Forge  
  24  2:56  Probe  
  24  2:57  Robotics Facility  
  25  3:04  Stalker  
  27  3:09  Gateway  
  27  3:10  Gateway  
  27  3:23  Pylon, Protoss Ground Weapons Level 1 (Chrono Boost)  
  27  3:44  Nexus  
  27  3:47  Pylon  
  27  3:49  Probe  
  27  3:54  Observer  
  29  4:11  Probe  
  29  4:16  Stalker  
  32  4:19  Stalker  
  32  4:20  Stalker  
  36  4:43  Stargate  
  36  4:45  Stalker  
  38  4:47  Zealot  
  38  4:50  Probe  
  41  5:03  Probe  
  42  5:09  Assimilator  
  41  5:17  Immortal  
  45  5:25  Probe  
  46  5:32  Gateway  
  46  5:35  Gateway  
  46  5:39  Probe (Chrono Boost)  
  48  5:44  Probe (Chrono Boost)  
  48  5:53  Probe (Chrono Boost)  
  49  5:57  Immortal  
  53  6:11  Stalker x2  
  57  6:27  Probe x2  
  57  6:32  Gateway  
  59  6:33  Pylon  
  59  6:35  Shield Battery  
  59  6:39  Probe  
  60  6:59  Stalker  
  60  7:00  Stalker x2  
  66  7:10  Warp Prism  
  68  7:16  Probe  
  68  7:19  Probe  
  70  7:23  Void Ray  
  74  7:36  Pylon  
  74  7:40  Pylon  
  74  7:46  Forge  
Tags
 
League
Silver
Matchup
PvP
Replay Pack
Last Remnant (2)
Spawn Locations
Cross Positions
Add a new tag
Caveats
  • Supply blocks, unpowered buildings, or Contaminate may cause inaccurate times.
  • Supply counts are checked every 10 seconds.